 Dungeon Crawl Stone Soup version 0.19.0-19-g8c6edcc (webtiles) character file.

9461 Charly the Cleaver (level 11, -15/150 HPs)
             Began as a Deep Dwarf Berserker on Nov 15, 2016.
             Was an Elder of Trog.
             Demolished by an orc warrior
             ... wielding a +0 dire flail
             ... led by an orc knight
              (17 damage)
             ... on level 2 of the Orcish Mines.
             The game lasted 00:23:51 (2590 turns).

Charly the Cleaver (Deep Dwarf Berserker)           Turns: 2590, Time: 00:23:52

Health: -15/150    AC: 20    Str: 27    XL:     11   Next: 23%
Magic:  10/10      EV: 10    Int:  7    God:    Trog [****..]
Gold:   331        SH:  0    Dex: 15    Spells: 0 memorised, 10 levels left

rFire  . . .     SeeInvis .     x - +1 broad axe
rCold  . . .     Gourm    .     r - +0 plate armour
rNeg   . . .     Faith    .     (no shield)
rPois  .         Spirit   .     (no helmet)
rElec  .         Reflect  .     w - +2 cloak {MR+}
rCorr  .         Harm     .     (no gloves)
MR     +++..                    y - +0 pair of boots
Stlth  ..........               (no amulet)
                                A - ring of protection from magic
                                t - +2 ring of protection

@: berserking, non-regenerating, very quick
A: damage resistance, recharge devices, sense surroundings 2, slow regeneration
3
a: Device Recharging, Berserk, Trog's Hand, Brothers in Arms, Burn Spellbooks,
Renounce Religion


You were on level 2 of the Orcish Mines.
You worshipped Trog.
Trog was greatly pleased with you.
You were very hungry.

You visited 2 branches of the dungeon, and saw 16 of its levels.

You collected 398 gold pieces.
You spent 67 gold pieces at shops.

Inventory:

Hand Weapons
 x - a +1 broad axe (weapon)
Armour
 r - a +0 plate armour (worn)
 w - a +2 cloak of magic resistance (worn)
 y - a +0 pair of boots (worn)
Jewellery
 t - a +2 ring of protection (left hand)
 A - a ring of protection from magic (right hand)
Wands
 c - a wand of heal wounds (2/9)
 h - a wand of paralysis (0/24)
 l - a wand of polymorph (7/24)
 n - a wand of random effects (27/48)
 o - a wand of digging (4/24)
Scrolls
 e - a scroll of random uselessness
 f - a scroll of noise
 i - a scroll of teleportation
 B - a scroll of remove curse
Potions
 j - a potion of magic {unknown}
 k - 2 potions of brilliance {unknown}
 m - a potion of haste {unknown}
 p - a potion of mutation {unknown}
 q - a potion of curing {unknown}
 u - a potion of might {unknown}
 v - a potion of degeneration
Comestibles
 a - 2 beef jerkies
 b - 2 fruits
 d - 5 bread rations
 g - a royal jelly
 s - a slice of pizza
 z - a meat ration
 C - 2 chunks of flesh


   Skills:
 + Level 7.4 Fighting
 * Level 14.5 Axes
 + Level 8.2 Armour
 + Level 5.1 Dodging


You had 10 spell levels left.
You didn't know any spells.

Dungeon Overview and Level Annotations

Branches:
Dungeon (14/15)            Temple (0/1) D:7             Orc (2/2) D:11
   Lair: D:8-11         Elf: Orc:2       Vaults: D:13-14

Altars:
The Shining One

Shops:
D:7 [   D:11 (!:

Annotations:
D:14 Uhlv's ghost, journeyman MiMo


Innate Abilities, Weirdness & Mutations

You are resistant to damage.
You can recharge devices by infusing magical energy.
You passively map the area around you.
You do not regenerate.


Message History

Zapping:
c - a wand of heal wounds (3/9)
Press: ? - help, Shift-Dir - straight line, f - you You feel much better.
This wand has 2 charges left.
A red film seems to cover your vision as you go berserk!
You feel yourself moving faster!
You feel mighty!
You are feeling very hungry.
The orc warrior hits you with a dire flail!!
* * * LOW HITPOINT WARNING * * *
You hit the orc warrior.
The orc warrior is lightly wounded.
The orc warrior hits you with a dire flail!!
* * * LOW HITPOINT WARNING * * *
Unknown command.
You barely miss the orc warrior.
The orc warrior is lightly wounded.
Unknown command.
You hit the orc warrior but do no damage.
The orc warrior is lightly wounded.
The orc warrior hits you with a dire flail!!
You die...

,................#
.......<........#
................#
,................#
................#
................#
..............<.#
................#
,
.............o@.#
....#.$.........#
..............# ,
, .............# ,
...........## ,,
........... ,,
,,.......... ,
...#.##.# * * ** *
*


You could see an orc warrior.

Vanquished Creatures
  The ghost of zkyp the Cleaver, a journeyman DgHu (D:11)
  A centaur warrior (D:14)
  A tengu warrior (D:14)
  An orc knight (Orc:1)
  A manticore (D:11)
  Joseph (D:7)
  2 centaur skeletons (D:14)
  The ghost of Nordron the Cleaver, a novice MiGl (D:6)
  2 trolls
  A hippogriff (D:8)
  A wraith (D:11)
  2 shadows
  A vampire (D:11)
  A basilisk (D:14)
  Grum (D:8)
  A swamp drake (D:11)
  5 orc warriors
  3 sky beasts
  A necrophage (D:6)
  5 centaurs
  3 ogres
  4 wolves (D:8)
  A crocodile (D:13)
  9 bullfrogs
  4 scorpions
  5 killer bees (D:11)
  5 crimson imps
  5 orc priests
  2 jellies (D:6)
  14 orc wizards
  A bullfrog skeleton (D:7)
  An iguana (D:5)
  2 worker ants
  A hound skeleton (D:7)
  A worker ant zombie (D:7)
  4 adders
  A worm (D:3)
  A dart slug (D:4)
  3 leopard geckos
  35 orcs
  2 giant cockroaches
  6 jackals
  3 quokkas
  A ball python zombie (D:6)
  A bat (D:3)
  A jackal zombie (D:6)
  A rat (D:3)
150 creatures vanquished.

Vanquished Creatures (others)
  An orc warrior (D:11)
  An orc wizard (D:11)
  4 orcs (D:11)
6 creatures vanquished.

Grand Total: 156 creatures vanquished

Notes
Turn   | Place    | Note
-------+----------+-------------------------------------------
     0 | D:1      | Charly the Deep Dwarf Berserker began the quest for the Orb.
     0 | D:1      | Reached XP level 1. HP: 20/20 MP: 1/1
    44 | D:3      | Noticed a bullfrog
    50 | D:3      | Killed a bullfrog
    50 | D:3      | Reached skill level 5 in Axes
    50 | D:3      | Reached XP level 2. HP: 27/27 MP: 2/2
    50 | D:3      | Reached XP level 3. HP: 33/33 MP: 3/3
    50 | D:3      | Reached XP level 4. HP: 40/40 MP: 4/4
   314 | D:4      | Reached skill level 6 in Axes
   337 | D:5      | Entered Level 5 of the Dungeon
   362 | D:5      | Reached XP level 5. HP: 46/46 MP: 5/5
   422 | D:6      | Noticed a necrophage
   425 | D:6      | Reached skill level 7 in Axes
   427 | D:6      | Reached ** piety under Trog
   433 | D:6      | Killed a necrophage
   433 | D:6      | Reached XP level 6. HP: 55/55 MP: 6/6
   487 | D:6      | Noticed an orc warrior
   494 | D:6      | Reached skill level 8 in Axes
   497 | D:6      | Killed an orc warrior
   580 | D:6      | Noticed Nordron's ghost (novice MiGl)
   595 | D:6      | Reached XP level 7. HP: 61/61 MP: 7/7
   597 | D:6      | Reached skill level 9 in Axes
   608 | D:6      | Killed Nordron's ghost
   608 | D:6      | Reached skill level 10 in Axes
   650 | D:6      | Reached XP level 8. HP: 41/68 MP: 8/8
   809 | D:7      | Found a staircase to the Ecumenical Temple.
   976 | D:7      | Reached skill level 11 in Axes
  1264 | D:7      | Noticed Joseph
  1281 | D:7      | Killed Joseph
  1281 | D:7      | Gained mutation: You passively map the area around you. [Deep Dwarf growth]
  1281 | D:7      | Reached XP level 9. HP: 55/79 MP: 9/9
  1321 | D:8      | Noticed Grum
  1328 | D:8      | Reached skill level 12 in Axes
  1330 | D:8      | Reached skill level 5 in Armour
  1335 | D:8      | Killed Grum
  1366 | D:7      | Found Qoggainu's Armour Shop.
  1376 | D:7      | Reached skill level 5 in Fighting
  1379 | D:7      | Bought a +0 pair of boots for 67 gold pieces
  1453 | D:8      | Reached *** piety under Trog
  1595 | D:10     | Entered Level 10 of the Dungeon
  1683 | D:14     | Noticed a troll
  1689 | D:14     | Killed a troll
  1693 | D:14     | Reached skill level 13 in Axes
  1731 | D:14     | Reached XP level 10. HP: 39/91 MP: 10/10
  1797 | D:14     | Noticed a centaur warrior
  1798 | D:14     | Noticed a tengu warrior
  1811 | D:14     | Killed a centaur warrior
  1814 | D:14     | Killed a tengu warrior
  1835 | D:14     | Noticed Uhlv's ghost (journeyman MiMo)
  1994 | D:11     | Reached **** piety under Trog
  1995 | D:11     | Found Xaiguax's Antique Weapon Shoppe.
  2008 | D:11     | Noticed a manticore
  2016 | D:11     | Killed a manticore
  2016 | D:11     | Reached skill level 14 in Axes
  2018 | D:11     | Found Izew Jud's Distillery.
  2092 | D:11     | Identified a scroll of acquirement
  2139 | D:11     | Found Xeip's Book Boutique.
  2274 | D:11     | Noticed zkyp's ghost (journeyman DgHu)
  2293 | D:11     | Killed zkyp's ghost
  2293 | D:11     | Reached XP level 11. HP: 64/100 MP: 11/11
  2303 | D:11     | Found a glowing golden altar of the Shining One.
  2426 | D:11     | Found a staircase to the Orcish Mines.
  2435 | D:11     | Reached skill level 5 in Dodging
  2470 | Orc:1    | Entered Level 1 of the Orcish Mines
  2470 | Orc:1    | Noticed an orc knight
  2491 | Orc:1    | Killed an orc knight
  2563 | Orc:2    | Entered Level 2 of the Orcish Mines
  2575 | Orc:1    | Noticed an orc knight
  2588 | Orc:2    | HP: 2/150 [orc warrior/dire flail[an orc knight] (27)]
  2590 | Orc:2    | Demolished by an orc warrior

Skill      XL: |  1  2  3  4  5  6  7  8  9 10 11 |
---------------+----------------------------------+-----
Axes           | 5 6 7 8 10 11 13 14 | 14.5
Fighting       | 4 5 7 |  7.4
Armour         | 4 6 7 8 |  8.2
Dodging        | 4 5 |  5.1

Action                   |  1- 3 |  4- 6 |  7- 9 | 10-12 || total
-------------------------+-------+-------+-------+-------++-------
Melee: Hand axe          |     5 |    73 |   140 |       ||   218
       Broad axe         |       |       |    73 |   201 ||   274
Invok: Berserk           |     1 |     6 |     8 |     8 ||    23
       Trog's Hand       |       |     1 |     3 |     1 ||     5
       Burn Spellbooks   |       |       |     1 |     1 ||     2
 Abil: Device Recharging |       |       |       |     1 ||     1
Evoke: Wand              |       |       |       |    13 ||    13
  Use: Scroll            |       |       |     9 |     4 ||    13
 Stab: Confused          |       |       |       |     1 ||     1
  Eat: Chunk             |       |     5 |    12 |    11 ||    28
Armor: Animal skin       |     1 |    16 |       |       ||    17
       Plate armour      |       |     6 |   138 |    96 ||   240
       Chain mail        |       |     5 |       |       ||     5
Dodge: Dodged            |     4 |    60 |    60 |    99 ||   223
